[Event "84th Armenian-HL-ch 2024"]
[Site "Yerevan"]
[Date "2024.01.12"]
[Round "1.1"]
[White "Petrosyan, Manuel"]
[Black "Chaqryan, Erik"]
[Result "1-0"]
[ECO "B13"]
[WhiteElo "2627"]
[BlackElo "2308"]
[Annotator "TA"]
[PlyCount "73"]
[EventDate "2024.01.11"]
[EventType "tourn"]
[EventCountry "ARM"]
[SourceTitle "playchess.com"]
[Source "ChessBase"]
[SourceQuality "1"]
[TimeControl "40/5400+30:1800+30"]

1. e4 c6 2. d4 d5 3. exd5 cxd5 4. Bd3 Nc6 5. c3 Nf6 6. Bf4 Bg4 7. Qb3 Qd7 8. Nd2 e6 9. Ngf3 Bd6 10. Bxd6 Qxd6 11. O-O O-O 12. Rfe1 Bxf3 13. Nxf3 Qc7 {[%emt 0:00:05] B13: Caro-Kann: Exchange Variation and Panov-Botvinnik Attack.} 14. Qc2 g6 15. Qd2 {[%emt 0:15:13] [#]} Rae8 $146 {[%emt 0:15:15] White has an edge.} ({Predecessor:} 15... Kg7 16. h4 Rae8 17. Ne5 Nxe5 18. dxe5 Nd7 19. Qf4 Qb8 20. Bb5 Qd8 21. h5 f5 {1-0 Eljanov,P (2706)-Pinheiro,I (2320) Titled Tuesday intern op 06th Dec Late blitz 2022 (2)}) 16. g3 Kg7 17. Ne5 Nxe5 18. Rxe5 a6 19. Rae1 b5 20. a3 Nd7 21. R5e2 Nb6 22. h4 Nc4 23. Bxc4 bxc4 {[%emt 0:00:07] [#]} 24. h5 $1 Rg8 (24... Qd6 25. Kg2) 25. Re5 {[%emt 0:09:24] next h6+ is good for White.} Qd8 {[%emt 0:01:27] Black is weak on the dark squares} (25... Rgf8 $11 {remains equal.}) 26. Qf4 $16 {[%emt 0:02:25][%cal Oe5e6] Strongly threatening Rxe6! White is more active.} Kf8 $2 {[%emt 0:01:17][%mdl 8192] Loses the game.} (26... h6 $14) 27. Rxe6 $18 Rxe6 28. Rxe6 gxh5 {[%emt 0:00:21][%mdl 4096] Endgame KQR-KQR} 29. Rh6 ({Not} 29. Rxa6 Rg6 30. Ra7 Qf6 31. Qxf6 (31. Qc7 h4 $16) 31... Rxf6 $18) 29... Rg4 30. Qf5 Rg5 31. Qxh7 Qe7 32. Rxh5 Qe1+ 33. Kg2 Rxh5 34. Qxh5 {[%emt 0:00:01] [#] Hoping for Qh8+.} Qe4+ 35. Qf3 {[%emt 0:00:14] Qxe4 is the strong threat.} Qc2 (35... Qe6 {keeps fighting.} 36. g4 a5) 36. Qxd5 Qxb2 37. Qxc4 {[%emt 0:00:16] Weighted Error Value: White=0.23 (precise) /Black=0.55} 1-0

[Event "84th Armenian-HL-ch 2024"]
[Site "Yerevan"]
[Date "2024.01.12"]
[Round "1.2"]
[White "Ter-Sahakyan, Samvel"]
[Black "Gharibyan, Mamikon"]
[Result "1/2-1/2"]
[ECO "C88"]
[WhiteElo "2649"]
[BlackElo "2504"]
[Annotator "TA"]
[PlyCount "55"]
[EventDate "2024.01.11"]
[EventType "tourn"]
[EventCountry "ARM"]
[SourceTitle "playchess.com"]
[Source "ChessBase"]
[SourceQuality "1"]
[TimeControl "40/5400+30:1800+30"]

1. e4 e5 2. Nf3 Nc6 3. Bb5 a6 4. Ba4 Nf6 5. O-O Be7 6. Re1 b5 7. Bb3 O-O 8. a4 Rb8 9. d3 d6 10. c3 b4 {[%emt 0:01:46] C88: Closed Ruy Lopez: Anti-Marshall Systems.} 11. Nbd2 bxc3 12. bxc3 d5 {[%emt 0:00:22] White has an edge.} 13. Qc2 dxe4 {[%emt 0:02:36] [#]} 14. Nxe4 $146 ({Predecessor:} 14. dxe4 Nd7 15. a5 Bd6 16. Nc4 Nc5 17. Ba2 Bg4 18. Bg5 Qc8 19. Nfd2 Be6 20. Red1 {½-½ Marjanovic,S (2464)-Brenjo,S (2493) SRB-chT Kragujevac 2013 (5.5)}) 14... Bg4 15. Nfd2 Nxe4 16. dxe4 Bc5 17. Nf1 Na5 18. Ba2 Qf6 19. Be3 Bd6 20. Rab1 Be6 21. Nd2 Qe7 22. h3 h6 23. Rxb8 Rxb8 24. Rb1 Rd8 25. Kh2 Kh7 26. Kg1 Kg8 27. Kh2 Kh7 28. Kg1 {[%emt 0:00:05] Not much happened in this game.   Weighted Error Value: White=0.14 (very precise) /Black=0.12 (very precise)} 1/2-1/2

[Event "84th Armenian-HL-ch 2024"]
[Site "Yerevan"]
[Date "2024.01.12"]
[Round "1.3"]
[White "Tiraturyan, David"]
[Black "Harutyunyan, Tigran K."]
[Result "1/2-1/2"]
[ECO "C77"]
[WhiteElo "2258"]
[BlackElo "2523"]
[Annotator "TA"]
[PlyCount "79"]
[EventDate "2024.01.11"]
[EventType "tourn"]
[EventCountry "ARM"]
[SourceTitle "playchess.com"]
[Source "ChessBase"]
[SourceQuality "1"]
[TimeControl "40/5400+30:1800+30"]

1. e4 e5 2. Nf3 Nc6 3. Bb5 a6 4. Ba4 Nf6 5. d3 b5 6. Bb3 Be7 {[%emt 0:00:46] 6...Bc5 might become the main line.} 7. a4 Rb8 8. axb5 {[%emt 0:04:23] C77: Ruy Lopez: 3...a6 4 Ba4 Nf6, unusual lines.} axb5 9. Nc3 d6 {[%emt 0:06:51] 9...0-0 is vanishing.} 10. Nd5 {[%emt 0:15:38] White has an edge.} Nxd5 {[%emt 0:09:11] The position is equal.} 11. exd5 Nd4 12. Nxd4 exd4 13. Qf3 O-O 14. O-O Bf6 15. Bd2 {[%emt 0:06:55] [#]} Bd7 $146 ({Predecessor:} 15... Be5 16. Ra7 Rb7 17. Ra8 Qh4 18. g3 Qh3 19. Rfa1 Bg4 20. Qg2 Qh5 21. Rxf8+ Kxf8 {1-0 Malureanu,C (2139)-Ursan,C (1990) ROM-ch Sarata Monteoru 2012 (10)}) 16. Rfe1 Ra8 17. Rxa8 Qxa8 18. h3 Re8 19. Qd1 Kf8 20. Rxe8+ Qxe8 21. Qe1 Qxe1+ 22. Bxe1 $11 {[%emt 0:02:23][%mdl 4096] Endgame KBB-KBB} Bg5 23. Ba5 Bc1 24. Bxc7 Ke7 25. c4 Bxb2 26. Kf1 Ba3 27. Ke2 Bc5 28. cxb5 Bxb5 29. f4 f5 (29... Kd7 $5 30. Ba5 $8 f5 $11) 30. Bc4 Ba4 31. Ba5 Ba3 32. Bb6 Bb2 33. g3 Bc3 34. Ba6 Kd7 35. Bb7 Bb5 36. Ba8 g6 37. Bb7 h5 38. h4 Ba4 39. Ba8 Bb5 40. Bb7 {[%emt 0:00:00] Not much happened in this game.   Weighted Error Value: White=0.02 (flawless) /Black=0.01 (flawless)} 1/2-1/2

[Event "84th Armenian-HL-ch 2024"]
[Site "Yerevan"]
[Date "2024.01.12"]
[Round "1.4"]
[White "Davtyan, Artur"]
[Black "Andriasian, Zaven"]
[Result "1/2-1/2"]
[ECO "D17"]
[WhiteElo "2477"]
[BlackElo "2581"]
[Annotator "TA"]
[PlyCount "98"]
[EventDate "2024.01.11"]
[EventType "tourn"]
[EventCountry "ARM"]
[SourceTitle "playchess.com"]
[Source "ChessBase"]
[SourceQuality "1"]
[TimeControl "40/5400+30:1800+30"]

1. d4 Nf6 2. c4 c6 3. Nc3 d5 4. Nf3 dxc4 5. a4 Bf5 6. Ne5 Nbd7 7. Nxc4 Qc7 8. g3 e5 9. dxe5 Nxe5 10. Bf4 Nfd7 11. Bg2 g5 $1 {[%emt 0:00:06] 11...g5 is better than 11...f6. D17: Slav Defence: 5 a4 Bf5: Lines with 6 Nh4 and 6 Ne5.} 12. Ne3 (12. Nxe5 {simplifies} gxf4 13. Nxd7 Qxd7 14. Qxd7+ Kxd7 15. O-O-O+) 12... gxf4 13. Nxf5 O-O-O (13... Qb6 14. gxf4 Ng6 15. e3 $16) 14. Qc2 (14. gxf4 Nc5 15. Qc2 Nc4 $15) 14... Ng4 (14... Ng6 $11) 15. Bh3 (15. a5 $14) 15... h5 $11 {[%emt 0:07:41] [#]} 16. Rd1 $146 ({Predecessor:} 16. f3 fxg3 17. hxg3 Qb6 18. a5 Qf2+ 19. Kd1 Bh6 20. f4 Kb8 21. Kc1 Ne3 22. Nxe3 Qxe3+ {½-½ Coppel,I (1302)-Parwicz,W (1840) IECC Swiss-449.2 2003}) 16... Kb8 (16... Bc5 {looks sharper.} 17. O-O fxg3 18. hxg3 h4) 17. O-O fxg3 (17... a5 {with more complications.} 18. Ne4 Bb4 19. b3 Rdg8) 18. hxg3 Ngf6 19. Ne4 Bb4 {[%emt 0:05:48] Repels Qc3} 20. Nxf6 Nxf6 21. Qc4 a5 22. Rd4 Nd5 (22... Qe5 $11 {might be stronger.}) 23. Rfd1 $14 Rde8 24. Bg2 Nb6 25. Qc2 Re5 26. e3 Rc5 27. Qb1 Rc4 28. Qe4 Rxd4 29. Qxd4 ({Much worse is} 29. Rxd4 Nxa4 30. Bf3 Nb6 $11) 29... Re8 30. b3 Ka7 31. Bf3 {[%emt 0:00:51] White has more active pieces.} Qe5 32. Ng7 (32. Nd6 $16 {[%cal Od6c8] Nc8+! would be deadly.} Bc5 33. Qf4 (33. Qxe5 Rxe5 34. Kg2 f6 $16)) 32... c5 $1 33. Qxe5 Rxe5 34. Nxh5 ({Reject} 34. Bxh5 Rg5 35. Bxf7 Rxg7 $17) 34... c4 35. bxc4 Nxa4 36. Nf4 {[%emt 0:00:01] [#] aiming for Nd3.} Nc3 37. Ra1 {[%emt 0:00:20] Nd3 is the strong threat.} Kb6 38. Nd5+ Kc5 39. Nxc3 Bxc3 $11 {[%emt 0:00:08][%mdl 4096] Endgame KRB-KRB} 40. Ra4 b6 {[%emt 0:00:00][%mdl 1024] Black has compensation.} 41. Be2 Re7 42. Kf1 Rd7 43. Bg4 {[%emt 0:00:01] The position is equal.} Rd2 44. Bh5 f6 45. Bf7 Bb4 46. Ra1 Bc3 47. Rb1 Bb4 {[%emt 0:04:13] [#] Strongly threatening ...a4.} 48. Ra1 Bc3 49. Rb1 Bb4 {[%emt 0:02:26] Weighted Error Value: White=0.10 (very precise) /Black=0.10 (very precise)} 1/2-1/2

[Event "84th Armenian-HL-ch 2024"]
[Site "Yerevan"]
[Date "2024.01.12"]
[Round "1.5"]
[White "Piliposyan, Robert"]
[Black "Hovhannisyan, Robert"]
[Result "1-0"]
[ECO "E01"]
[WhiteElo "2367"]
[BlackElo "2611"]
[Annotator "TA"]
[PlyCount "105"]
[EventDate "2024.01.11"]
[EventType "tourn"]
[EventCountry "ARM"]
[SourceTitle "playchess.com"]
[Source "ChessBase"]
[SourceQuality "1"]
[TimeControl "40/5400+30:1800+30"]

1. d4 d5 2. c4 c6 3. Nf3 Nf6 4. Nc3 e6 5. g3 dxc4 6. Bg2 Nbd7 7. O-O Bd6 {[%emt 0:00:43] E01: Catalan: Early deviations.} 8. Nd2 {[%emt 0:00:37] Recently 8.Bg5 got a lot of attention.} Nb6 9. Na4 Nxa4 {[%emt 0:03:56] The position is equal.} 10. Qxa4 O-O 11. Qxc4 e5 12. dxe5 Bxe5 13. Qc2 Be6 {[%emt 0:04:20] [#]} 14. Nc4 $146 ({Predecessor:} 14. Nf3 Bc7 15. Bg5 h6 16. Rad1 Qe7 17. Be3 Bb6 18. Bxb6 axb6 19. a3 Bd5 20. Rfe1 Qe4 21. Qc3 {1-0 Havas,J (2124)-Jelic,N (2095) CRO-chT3B Center North 2013 (4.3)}) 14... Qd4 15. Nxe5 Qxe5 16. e4 Qh5 17. f3 Bh3 18. g4 Qh4 19. Qf2 (19. Bf4 $5 Bxg2 20. Kxg2 $14 (20. Qxg2 h5 $14)) 19... Qxf2+ {[%emt 0:00:09][%mdl 64] Remove Defender} 20. Kxf2 Bxg2 21. Kxg2 Rfd8 22. Be3 Nd7 23. Rfd1 f6 24. Kf2 {[%emt 0:10:33] White has more active pieces.} (24. f4 $14 {is more appropriate.}) 24... Ne5 $11 25. Ke2 b6 26. a4 Nc4 27. Bd4 c5 (27... Na5 $5 ) 28. Bc3 Kf7 29. f4 Ke7 30. h4 h6 31. h5 Nd6 32. Kf3 Nf7 33. b4 cxb4 34. Bxb4+ Ke8 35. Ke3 Rac8 36. Rac1 Rxd1 (36... Rxc1 $142 37. Rxc1 Kd7) 37. Rxc8+ $16 {[%emt 0:00:15][%mdl 4096] Endgame KRB-KRN} ({But not} 37. Rxd1 $6 Rc2 $11) 37... Nd8 38. Rc7 {[%emt 0:01:42] Re7+ would be deadly.} Rd7 {[%emt 0:00:20] Prevents Re7+.} 39. Rxd7 Kxd7 {[%emt 0:00:04] KB-KN} 40. Kd3 $1 a6 41. Kc4 $1 Ne6 42. f5 b5+ 43. axb5 axb5+ 44. Kxb5 Nd4+ 45. Kc5 Nf3 {[%emt 0:00:47] [#]} 46. Kd5 $1 {[%emt 0:04:32] Bf8 is the strong threat.} Ne5 47. Bf8 Nxg4 48. Bxg7 {[%emt 0:00:04] Strongly threatening e5.} Ke7 {[%emt 0:01:04] [#]} 49. e5 $1 Nxe5 50. Bxh6 Kf7 51. Bf4 Nd7 (51... Nd3 $16 52. Bd2 Nf2) 52. Kc6 Ke8 53. Bd6 {[%emt 0:00:15] Weighted Error Value: White=0.06 (flawless) /Black=0.22 (precise)} 1-0

[Event "84th Armenian-HL-ch 2024"]
[Site "Yerevan"]
[Date "2024.01.13"]
[Round "2.1"]
[White "Chaqryan, Erik"]
[Black "Hovhannisyan, Robert"]
[Result "1/2-1/2"]
[ECO "C54"]
[WhiteElo "2308"]
[BlackElo "2611"]
[Annotator "RC"]
[PlyCount "248"]
[EventDate "2024.01.11"]
[EventType "tourn"]
[EventCountry "ARM"]
[SourceTitle "playchess.com"]
[Source "ChessBase"]
[SourceQuality "1"]
[TimeControl "40/5400+30:1800+30"]

1. e4 e5 2. Nf3 Nc6 3. Bc4 Bc5 4. c3 Nf6 5. d3 d6 6. O-O a5 7. h3 O-O 8. Re1 Be6 9. Bb5 Ba7 10. Nbd2 Ne7 11. d4 Ng6 12. Nf1 exd4 13. Nxd4 d5 14. exd5 Nxd5 15. Ng3 c6 16. Bf1 Qc7 17. Qc2 Rae8 18. Bd2 Bc8 19. a3 Bb8 20. Bd3 Ndf4 21. Bf5 c5 22. Bxf4 Nxf4 23. Nf3 Bxf5 24. Qxf5 g6 25. Qc2 c4 26. Rxe8 Rxe8 27. Re1 Rxe1+ 28. Nxe1 Ba7 29. Ne2 Ne6 30. Nf3 Nc5 31. Ned4 Qe7 32. Qd2 Qe4 33. Qg5 Nd3 34. Qxa5 Bxd4 35. Qd8+ Kg7 36. Qxd4+ Qxd4 37. Nxd4 Nxb2 38. Kf1 Na4 39. Nb5 Kf6 40. Nd6 Ke6 41. Nxc4 Nxc3 42. Ke1 Kd5 43. Nb6+ Kc5 44. Nd7+ Kd6 45. Nf6 h5 46. Kd2 Nb1+ 47. Kd3 Nxa3 48. Ne4+ Kd5 49. f4 Nb5 50. g4 hxg4 51. hxg4 Nd6 52. Nc3+ Kc5 53. Na4+ Kb5 54. Nc3+ Kb4 55. Na2+ Ka3 56. Nc1 b5 57. Kd4 b4 58. Ke5 Ne8 59. f5 g5 60. f6 Kb2 61. Nd3+ Kc3 62. Nc5 Kc4 63. Na4 b3 64. Kf5 Nd6+ 65. Kxg5 Ne4+ 66. Kf5 Nc5 67. Nb2+ Kc3 68. Nd1+ Kc2 69. Ne3+ Kd2 70. Nc4+ Kc3 71. Na3 b2 72. g5 Kb3 73. Nb1 Ka2 74. Nc3+ Kb3 75. Nb1 Ka2 76. Nc3+ Ka1 77. g6 fxg6+ 78. Kxg6 Na4 79. f7 Nxc3 80. f8=Q b1=Q+ 81. Qf5 Qe1 82. Qf6 Kb2 83. Kg7 Qe3 84. Kh8 Kc2 85. Qc6 Qe5+ 86. Kg8 Kd3 87. Qf3+ Kc4 88. Qf1+ Kc5 89. Qf8+ Kb5 90. Qg7 Qe6+ 91. Qf7 Qg4+ 92. Qg7 Qc4+ 93. Qf7 Nd5 94. Qf5 Kc5 95. Kh7 Qh4+ 96. Kg7 Qg3+ 97. Kh8 Qh4+ 98. Kg7 Kd4 99. Qe6 Qg5+ 100. Kh8 Qd8+ 101. Kg7 Qc7+ 102. Kh8 Nf4 103. Qe8 Qd6 104. Qf7 Ke5 105. Qg7+ Kf5 106. Qf7+ Kg5 107. Kh7 Ng6 108. Qe8 Qh2+ 109. Kg7 Qc7+ 110. Kg8 Ne7+ 111. Kf8 Nf5 112. Qe6 Qd8+ 113. Kf7 Qc7+ 114. Kf8 Qb8+ 115. Kf7 Qa7+ 116. Kf8 Qc5+ 117. Kf7 Nd6+ 118. Kg8 Nf5 119. Kf7 Qa7+ 120. Kf8 Qb7 121. Qg8+ Kf6 122. Qh8+ Kg6 123. Qg8+ Ng7 124. Qh7+ Kxh7 1/2-1/2

[Event "84th Armenian-HL-ch 2024"]
[Site "Yerevan"]
[Date "2024.01.13"]
[Round "2.2"]
[White "Andriasian, Zaven"]
[Black "Piliposyan, Robert"]
[Result "1-0"]
[ECO "C54"]
[WhiteElo "2581"]
[BlackElo "2367"]
[Annotator "RC"]
[PlyCount "59"]
[EventDate "2024.01.11"]
[EventType "tourn"]
[EventCountry "ARM"]
[SourceTitle "playchess.com"]
[Source "ChessBase"]
[SourceQuality "1"]
[TimeControl "40/5400+30:1800+30"]

1. e4 e5 2. Nf3 Nc6 3. Bc4 Nf6 4. d3 Bc5 5. Nbd2 O-O 6. O-O d6 7. c3 a5 8. h3 Ba7 9. Re1 Be6 10. Bb5 Ne7 11. d4 Ng6 12. Nf1 exd4 13. Nxd4 d5 14. exd5 Qxd5 15. Nxe6 fxe6 16. Qxd5 exd5 17. Be3 Bxe3 18. Nxe3 c6 19. Bf1 Rae8 20. Rad1 b5 21. Nc2 Rxe1 22. Rxe1 Re8 23. Rxe8+ Nxe8 24. Nd4 Ne7 25. Nxc6 Nxc6 26. Bxb5 Ne5 27. Bxe8 Nd3 28. Kf1 Nxb2 29. Ke2 Kf8 30. Bc6 1-0

[Event "84th Armenian-HL-ch 2024"]
[Site "Yerevan"]
[Date "2024.01.13"]
[Round "2.3"]
[White "Petrosyan, Manuel"]
[Black "Ter-Sahakyan, Samvel"]
[Result "1/2-1/2"]
[ECO "E04"]
[WhiteElo "2627"]
[BlackElo "2649"]
[Annotator "TA"]
[PlyCount "39"]
[EventDate "2024.01.11"]
[EventType "tourn"]
[EventCountry "ARM"]
[SourceTitle "playchess.com"]
[Source "ChessBase"]
[SourceQuality "1"]
[TimeControl "40/5400+30:1800+30"]

1. d4 Nf6 2. c4 e6 3. Nf3 d5 4. g3 dxc4 5. Bg2 a6 6. O-O Nc6 7. a4 Rb8 8. a5 Bb4 {[%emt 0:00:10][%cal Oe8g8] E04: Open Catalan: 5 Nf3.} 9. Bd2 Bxd2 10. Qxd2 b5 {[%emt 0:07:23] Black has an edge.} (10... b6 $5 ) 11. axb6 cxb6 12. Ne5 Nxe5 13. dxe5 Nd5 ({Black should play} 13... Nd7 $1 $15) 14. Rd1 $11 {[%emt 0:05:07][%cal Oe2e4] [#] Threatens to win with e4!} Qc7 15. Nc3 O-O $1 16. Nxd5 exd5 17. Qxd5 {[%emt 0:00:15] [#]} Be6 $146 {[%emt 0:02:38] The position is equal.} ({Predecessor:} 17... b5 18. Qd6 Qa7 19. h4 Rb6 20. Qc5 Rb7 21. Qxa7 Rxa7 22. Rd6 g6 23. f4 Kg7 {1-0 Iliaguev,N (2360)-Mikhalevski,A (2430) ISR-chT Israel 2019 (3.6)}) 18. Qd6 Qc8 19. Bd5 Bxd5 20. Qxd5 {[%emt 0:04:29] Weighted Error Value: White=0.10 (very precise) /Black=0.13 (very precise)} 1/2-1/2

[Event "84th Armenian-HL-ch 2024"]
[Site "Yerevan"]
[Date "2024.01.13"]
[Round "2.4"]
[White "Harutyunyan, Tigran K."]
[Black "Davtyan, Artur"]
[Result "1/2-1/2"]
[ECO "E05"]
[WhiteElo "2523"]
[BlackElo "2477"]
[Annotator "RC"]
[PlyCount "115"]
[EventDate "2024.01.11"]
[EventType "tourn"]
[EventCountry "ARM"]
[SourceTitle "playchess.com"]
[Source "ChessBase"]
[SourceQuality "1"]
[TimeControl "40/5400+30:1800+30"]

1. d4 Nf6 2. Nf3 d5 3. c4 e6 4. g3 Be7 5. Bg2 O-O 6. O-O dxc4 7. Qc2 a6 8. a4 Bd7 9. Qxc4 Bc6 10. Bf4 a5 11. Nc3 Na6 12. Rac1 Nb4 13. Ne5 Bxg2 14. Kxg2 c6 15. e4 Qb6 16. Rfd1 Rfd8 17. h4 Qa6 18. Qxa6 Rxa6 19. Kf3 Bd6 20. g4 Raa8 21. Nb1 h5 22. g5 Nd7 23. Nc4 Bxf4 24. Kxf4 Nf8 25. Kg3 Ng6 26. Nba3 f5 27. f3 fxe4 28. fxe4 e5 29. dxe5 Nd3 30. Rc3 Nc5 31. Rxd8+ Rxd8 32. Re3 Rd4 33. e6 Nxe6 34. Nxa5 Nc5 35. Kh3 Nxe4 36. Nxb7 Rxa4 37. Nd8 Nf4+ 38. Kh2 Rd4 39. Nb1 Rxd8 40. Rxe4 Rb8 41. Rxf4 Rxb2+ 42. Kg3 Rb3+ 43. Rf3 Rxb1 44. Rc3 Rb6 45. g6 Kf8 46. Rf3+ Ke7 47. Rf7+ Ke6 48. Rxg7 Kf6 49. Rg8 Rb3+ 50. Kf2 Rc3 51. Ke2 Rc4 52. Kf3 Rxh4 53. g7 Rc4 54. Rh8 Kxg7 55. Rxh5 Rd4 56. Ke3 Rd6 57. Rf5 Kg6 58. Rf8 1/2-1/2

[Event "84th Armenian-HL-ch 2024"]
[Site "Yerevan"]
[Date "2024.01.13"]
[Round "2.5"]
[White "Gharibyan, Mamikon"]
[Black "Tiraturyan, David"]
[Result "1-0"]
[ECO "E73"]
[WhiteElo "2504"]
[BlackElo "2258"]
[Annotator "RC"]
[PlyCount "59"]
[EventDate "2024.01.11"]
[EventType "tourn"]
[EventCountry "ARM"]
[SourceTitle "playchess.com"]
[Source "ChessBase"]
[SourceQuality "1"]
[TimeControl "40/5400+30:1800+30"]

1. d4 Nf6 2. c4 g6 3. Nc3 Bg7 4. e4 d6 5. Be2 O-O 6. Be3 c5 7. d5 Qb6 8. Rb1 Qa5 9. Bd2 e6 10. Nf3 exd5 11. cxd5 Bg4 12. O-O Re8 13. Qb3 Nbd7 14. Qxb7 Rab8 15. Qc6 Bxf3 16. gxf3 Ne5 17. Qa4 Qd8 18. Qd1 Rb4 19. Be3 Rd4 20. Qc1 Nh5 21. Kg2 h6 22. b4 g5 23. bxc5 Ng6 24. c6 Qc8 25. Rg1 Be5 26. Qf1 Nhf4+ 27. Kh1 Nh3 28. Ba6 Qd8 29. Qxh3 Qa5 30. Ne2 1-0

[Event "84th Armenian-HL-ch 2024"]
[Site "Yerevan"]
[Date "2024.01.14"]
[Round "3.1"]
[White "Piliposyan, Robert"]
[Black "Harutyunyan, Tigran K."]
[Result "1/2-1/2"]
[ECO "E46"]
[WhiteElo "2367"]
[BlackElo "2523"]
[Annotator "RC"]
[PlyCount "146"]
[EventDate "2024.01.11"]
[EventType "tourn"]
[EventCountry "ARM"]
[SourceTitle "playchess.com"]
[Source "ChessBase"]
[SourceQuality "1"]
[TimeControl "40/5400+30:1800+30"]

1. d4 Nf6 2. c4 e6 3. Nc3 Bb4 4. e3 O-O 5. Bd2 c5 6. a3 Bxc3 7. Bxc3 Ne4 8. Ne2 b6 9. d5 Ba6 10. b3 Re8 11. Bb2 exd5 12. Qxd5 Nc6 13. Ng3 Nf6 14. Qd1 Ne5 15. Be2 d5 16. cxd5 Bxe2 17. Nxe2 Nxd5 18. O-O Ng4 19. Nc3 Nxc3 20. Bxc3 Qg5 21. Qf3 Ne5 22. Qe2 Ng6 23. Qf3 Nh4 24. Qg3 Qxg3 25. hxg3 Nf5 26. Rfd1 Rad8 27. Kf1 f6 28. Rxd8 Rxd8 29. Ke2 Kf7 30. g4 Nd6 31. Rd1 h6 32. a4 Ke6 33. f3 a6 34. e4 b5 35. axb5 axb5 36. b4 cxb4 37. Bxb4 Nf7 38. Ra1 Ne5 39. Ra6+ Kf7 40. Rb6 Ra8 41. Rb7+ Kg8 42. Rxb5 Ra2+ 43. Bd2 Nc4 44. Rd5 Kf7 45. Rd4 Nxd2 46. Rxd2 Ra3 47. Rd7+ Kf8 48. Kf2 Ra2+ 49. Kg3 Rb2 50. Rd3 Ke7 51. Re3 Ke6 52. Ra3 Kf7 53. f4 Re2 54. Kf3 Re1 55. g3 Rf1+ 56. Ke3 Re1+ 57. Kd4 Rd1+ 58. Rd3 Ra1 59. Rc3 Rd1+ 60. Rd3 Ra1 61. e5 fxe5+ 62. Kxe5 Re1+ 63. Kd4 Re6 64. f5 Rd6+ 65. Ke4 Rxd3 66. Kxd3 Kf6 67. Ke4 Kg5 68. Kf3 h5 69. gxh5 Kxf5 70. g4+ Kg5 71. Kg3 g6 72. hxg6 Kxg6 73. g5 Kxg5 1/2-1/2

[Event "84th Armenian-HL-ch 2024"]
[Site "Yerevan"]
[Date "2024.01.14"]
[Round "3.2"]
[White "Davtyan, Artur"]
[Black "Gharibyan, Mamikon"]
[Result "1/2-1/2"]
[ECO "D35"]
[WhiteElo "2477"]
[BlackElo "2504"]
[Annotator "RC"]
[PlyCount "52"]
[EventDate "2024.01.11"]
[EventType "tourn"]
[EventCountry "ARM"]
[SourceTitle "playchess.com"]
[Source "ChessBase"]
[SourceQuality "1"]
[TimeControl "40/5400+30:1800+30"]

1. d4 d5 2. c4 e6 3. Nc3 Nf6 4. cxd5 exd5 5. Bg5 Be7 6. e3 O-O 7. Bd3 Re8 8. Nf3 h6 9. Bf4 c5 10. dxc5 Bxc5 11. O-O Nc6 12. h3 a6 13. Rc1 Ba7 14. Bb1 d4 15. exd4 Nxd4 16. Nxd4 Bxd4 17. Qa4 Bxc3 18. Rxc3 Bd7 19. Qc2 Bc6 20. Rg3 Be4 21. Qb3 Nh5 22. Rg4 Bxb1 23. Rxb1 Nxf4 24. Rxf4 Qe7 25. Rb4 b5 26. a4 bxa4 1/2-1/2

[Event "84th Armenian-HL-ch 2024"]
[Site "Yerevan"]
[Date "2024.01.14"]
[Round "3.3"]
[White "Hovhannisyan, Robert"]
[Black "Andriasian, Zaven"]
[Result "1/2-1/2"]
[ECO "B92"]
[WhiteElo "2611"]
[BlackElo "2581"]
[Annotator "RC"]
[PlyCount "52"]
[EventDate "2024.01.11"]
[EventType "tourn"]
[EventCountry "ARM"]
[SourceTitle "playchess.com"]
[Source "ChessBase"]
[SourceQuality "1"]
[TimeControl "40/5400+30:1800+30"]

1. e4 c5 2. Nf3 d6 3. d4 cxd4 4. Nxd4 Nf6 5. Nc3 a6 6. Be2 e5 7. Nb3 Be7 8. Be3 Be6 9. O-O O-O 10. Qd3 Nbd7 11. a4 Rc8 12. a5 Qc7 13. Rfd1 Rfd8 14. Bf3 h6 15. h3 Bf8 16. Nd2 Qc6 17. Nf1 g6 18. Qe2 Kh7 19. Rd2 Re8 20. Qd1 Qc7 21. Be2 Qb8 22. Ra4 h5 23. Nd5 Bxd5 24. exd5 Bh6 25. Bxh6 Kxh6 26. c4 b6 1/2-1/2

[Event "84th Armenian-HL-ch 2024"]
[Site "Yerevan"]
[Date "2024.01.14"]
[Round "3.4"]
[White "Ter-Sahakyan, Samvel"]
[Black "Chaqryan, Erik"]
[Result "1-0"]
[ECO "D38"]
[WhiteElo "2649"]
[BlackElo "2308"]
[Annotator "TA"]
[PlyCount "97"]
[EventDate "2024.01.11"]
[EventType "tourn"]
[EventCountry "ARM"]
[SourceTitle "playchess.com"]
[Source "ChessBase"]
[SourceQuality "1"]
[TimeControl "40/5400+30:1800+30"]

1. d4 Nf6 2. c4 e6 3. Nc3 Bb4 4. Nf3 d5 5. Qa4+ Nc6 6. e3 O-O 7. Qc2 {[%emt 0:00:21] D38: Queen's Gambit Declined: Ragozin Defence (4 Nf3 Bb4).} Re8 8. Bd2 Bf8 9. Be2 {[%emt 0:00:51] The position is equal.} Nb4 10. Qb1 dxc4 11. Bxc4 b6 12. a3 Ba6 13. Be2 Bxe2 14. Nxe2 Na6 15. e4 c5 16. e5 {[%emt 0:08:29] [#] Qd3 would be deadly.} Nd5 17. Qd3 Nac7 {[%emt 0:04:01] [#]} 18. h4 $146 ({Predecessor:} 18. O-O h6 19. Rac1 Qd7 20. g4 Qb5 21. Rc4 Ne7 22. Ng3 cxd4 23. g5 Rec8 24. gxh6 gxh6 25. a4 Qxb2 26. Rc2 {1-0 Ohanyan,E (2444)-Rios,C (2469) Sharjah Challengers 6th 2023 (7)}) 18... Qd7 19. Rc1 cxd4 20. Nexd4 Bc5 21. Nb3 Bf8 $1 22. h5 {[%emt 0:10:12] Black is weak on the dark squares} h6 23. Rh4 a5 24. Nbd4 Na6 25. Qb5 Red8 26. Qxd7 Rxd7 27. Ke2 Rc7 28. Rxc7 Naxc7 29. Rh1 a4 30. Rc1 b5 {[%emt 0:05:30] [#]} (30... Bc5 $11 {keeps the balance.}) 31. Ne1 $1 $16 {[%emt 0:02:17] White leaves nothing to chance now.} Rb8 32. Nd3 Rb7 33. f4 {[%emt 0:04:15] White has more active pieces.} Be7 34. Ba5 Kh7 35. g3 Kg8 (35... Na6 $16 {was necessary.}) 36. Kf3 $18 Kf8 (36... Bf8 $142 37. g4 Na6) 37. g4 Ke8 38. f5 (38. Ke4 $18) 38... Kd7 (38... b4 $16) 39. Ke4 Ra7 40. Nc6 Rb7 41. Nxe7 Kxe7 42. Rc6 {[%emt 0:04:35] Dodges b4} Ra7 43. Be1 Ra6 44. Rc1 Ra7 45. Bf2 Ra8 46. Bc5+ Kd7 (46... Ke8 $142 47. Bd6 Na6 48. fxe6 fxe6) 47. Bd6 {[%emt 0:01:20] And now fxe6+ would win.} Na6 48. fxe6+ fxe6 49. Rf1 {[%emt 0:00:08] Weighted Error Value: White=0.04 (flawless) /Black=0.19 (very precise)} 1-0